 Dungeon Crawl Stone Soup version 0.17-a0-1793-gcbb3aa1 (webtiles) character file.

9027 Stormsson the Covert (level 11, -6/81 HPs)
             Began as a Vampire Necromancer on Sept 9, 2015.
             Was a Priest of Yredelemnul.
             Mangled by a seven-headed hydra (13 damage)
             ... on level 11 of the Dungeon.
             The game lasted 02:14:27 (14138 turns).

Stormsson the Covert (Vampire Necromancer)         Turns: 14138, Time: 02:14:30

Health: -6/81      AC:  4    Str:  7    XL:     11   Next: 17%
Magic:  29/29      EV: 16    Int: 20    God:    Yredelemnul [***...]
Gold:   457        SH:  0    Dex: 16    Spells: 4 memorised, 8 levels left

rFire  . . .     SeeInvis +     m - +1 rapier (vamp)
rCold  + . .     Clarity  .     a - +1 robe
rNeg   + + .     SustAt   .     (no shield)
rPois  +         Gourm    .     (no helmet)
rElec  .         Spirit   .     (no cloak)
rCorr  .         Warding  .     s - +0 pair of gloves
rMut   .         Stasis   .     (no boots)
MR     +....                    (no amulet)
Stlth  ++++++....               l - ring of stealth
                                e - ring of magical power

@: about to teleport, regenerating slowly, somewhat resistant to hostile
enchantments, very stealthy
A: fangs 3, see invisible, unbreathing
a: Bat Form, Animate Dead, Recall Undead Slaves, Injury Mirror, Renounce
Religion


You were on level 11 of the Dungeon.
You worshipped Yredelemnul.
Yredelemnul was most pleased with you.
You were very thirsty.

You visited 2 branches of the dungeon, and saw 14 of its levels.
You also visited: Ossuary.

You collected 704 gold pieces.
You spent 247 gold pieces at shops.

Inventory:

Hand weapons
 i - a +0 dagger
 m - a +1 vampiric rapier (weapon)
 p - a cursed +2 dagger
 r - a +1 short sword
 w - a +2 whip of flaming
 y - a +0 short sword of protection
Armour
 a - a +1 robe (worn)
 s - a +0 pair of gloves (worn)
 G - a +0 leather armour
Magical staves
 u - an uncursed staff of summoning
Jewellery
 e - a ring of magical power (left hand)
 l - a ring of stealth (right hand)
 q - an uncursed ring of poison resistance
 v - an uncursed ring of protection from fire
 C - a +4 ring of strength
Magical devices
 c - a wand of paralysis (0)
 j - a wand of draining (6)
Scrolls
 d - a scroll of teleportation
 f - a scroll of enchant armour
 g - 13 scrolls of remove curse
 h - 2 scrolls of recharging
 n - a scroll of amnesia
Potions
 k - a potion of invisibility
 o - a potion of cancellation
 x - 3 potions of curing
 z - a potion of brilliance
 A - 2 potions of flight
 B - a potion of lignification
Books
 b - a book of Necromancy

   Spells                             Type                      Level
   a - Pain                           Necromancy                   1
   b - Animate Skeleton               Necromancy                   1
   c - Vampiric Draining              Necromancy                   3
   d - Regeneration                   Charms/Necromancy            3
   e - Animate Dead                   Necromancy                   4
   f - Control Undead                 Necromancy                   4
 F - a book of the Earth

   Spells                             Type                      Level
   a - Leda's Liquefaction            Hexes/Earth                  4
   b - Bolt of Magma                  Conjuration/Fire/Earth       5
   c - Statue Form                    Transmutation/Earth          6
   d - Iron Shot                      Conjuration/Earth            6
   e - Shatter                        Earth                        9


   Skills:
 * Level 5.9 Fighting
 + Level 8.4 Short Blades
 - Level 6.2 Dodging
 + Level 10.5 Stealth
 - Level 6.0 Spellcasting
 - Level 3.1 Conjurations
 - Level 9.1 Necromancy
 - Level 4.3 Earth Magic


You had 8 spell levels left.
You knew the following spells:

 Your Spells              Type           Power        Failure   Level  Hunger
a - Pain                  Necr           ####         1%          1    None
b - Vampiric Draining     Necr           #####.....   1%          3    ##.....
c - Control Undead        Necr           #####.....   2%          4    ####...
d - Iron Shot             Conj/Erth      ###.......   100%        6    #######


Dungeon Overview and Level Annotations

Branches:
Dungeon (13/15)            Temple (1/1) D:4            Lair (0/8) D:11
    Orc (0/4) D:10
 Vaults: D:13-14

Altars:
Ashenzari
Cheibriados
Dithmenos
Elyvilon
Fedhas
Gozag
Makhleb
Okawaru
Qazlal
Ru
Sif Muna
Trog
Xom
Yredelemnul
Zin
The Shining One

Shops:
D:6 (   D:7 (   D:10 (   D:11 *

Annotations:
D:5 Eustachio


Innate Abilities, Weirdness & Mutations

You heal slowly.
You have razor-sharp teeth.
You have supernaturally acute eyesight.
You can survive without breathing.


Message History

The seven-headed hydra bites you.
The seven-headed hydra completely misses you.
The seven-headed hydra barely misses you.
The seven-headed hydra bites you! x2
The seven-headed hydra closely misses you.
A killer bee comes into view.
Read which item? (? for menu, Esc to quit)
As you read the scroll of teleportation, it crumbles to dust.
You feel strangely unstable. The seven-headed hydra bites you!
* * * LOW HITPOINT WARNING * * *
The seven-headed hydra misses you.
The seven-headed hydra closely misses you.
The seven-headed hydra bites you!
* * * LOW HITPOINT WARNING * * *
The seven-headed hydra completely misses you.
The seven-headed hydra bites you.
* * * LOW HITPOINT WARNING * * *
The seven-headed hydra bites you!
You die...
Yredelemnul claims you as an undead slave.

.. ##....# ####'# ####.# #....
#.### #####...# #...#####
.....#..### #########'#ยง..#
...#......# #..........._.#
...##.....######.............#
PPP...#...'...##............##
P>P...#..<###..D@..........##
PPPP..#...# ####...........#
.PP##.....# #...........#
...#....### ###'#########
.....#..# #y# #####...####
##'######## ##...).#
#.........#
#######.######.........#
###.........##.'.........#


You could see a seven-headed hydra and a killer bee (wandering).

Vanquished Creatures
  Pikel (D:7)
  An ugly thing (D:11)
  Joseph (D:9)
  2 centaur skeletons
  A two-headed ogre (D:10)
  Prince Ribbit (D:5)
  2 slime creatures (D:12)
  2 hippogriffs
  10 yaks
  3 deep elf magi
  A human (D:8)
  3 wyverns
  Duvessa (D:7)
  6 orc warriors
  A sky beast (D:11)
  3 ice beasts
  A slave (D:7)
  A phantom (D:10)
  5 ogres
  6 centaurs
  Blork the orc (D:5)
  3 giant frogs
  A wyvern skeleton (D:11)
  Dowan (D:7)
  A wyvern zombie (D:6)
  9 killer bees (D:10)
  5 scorpions
  A jelly (D:7)
  2 wights (D:11)
  3 crimson imps
  5 orc priests
  9 hounds
  6 orc wizards
  2 quasits
  3 giant frog skeletons
  A gnoll shaman (D:4)
  3 iguanas
  4 worker ants
  A big kobold zombie (Ossuary)
  A hound skeleton (D:6)
  2 worker ant zombies
  A mummy (Ossuary)
  6 adders
  3 gnolls (D:4)
  2 shadow imps
  An adder skeleton (D:4)
  2 giant geckos (D:4)
  27 orcs
  5 giant cockroaches
  3 goblins
  8 hobgoblins
  7 kobolds
  2 quokkas
  A bat (D:2)
  4 giant newts
  4 jackals
  A jackal skeleton (D:8)
  A kobold zombie (Ossuary)
  A quokka zombie (D:7)
  4 rats
  A rat zombie (D:6)
200 creatures vanquished.

Vanquished Creatures (collateral kills)
  A giant frog (D:6)
  A wight (D:11)
  2 crimson imps
  2 centaur zombies (Ossuary)
  A jelly (D:9)
  A hound skeleton (D:4)
  3 mummies (Ossuary)
  2 orcs (D:6)
  A gnoll zombie (Ossuary)
  A jackal (D:6)
  A goblin zombie (Ossuary)
  A hobgoblin zombie (Ossuary)
  A kobold zombie (Ossuary)
18 creatures vanquished.

Vanquished Creatures (others)
  A crimson imp (D:7)
  A giant gecko (D:7)
  An orc (D:7)
  3 jackals (D:7)
6 creatures vanquished.

Grand Total: 224 creatures vanquished

Notes
Turn   | Place    | Note
--------------------------------------------------------------
     0 | D:1      | Stormsson the Vampire Necromancer began the quest for the Orb.
     0 | D:1      | Reached XP level 1. HP: 13/13 MP: 3/3
   984 | D:2      | Reached XP level 2. HP: 16/19 MP: 5/5
  1321 | D:2      | Found a glowing golden altar of the Shining One.
  1324 | D:2      | Noticed an angel
  1352 | D:2      | Found a basalt altar of Yredelemnul.
  1354 | D:2      | Noticed a profane servitor
  1361 | D:2      | Became a worshipper of Yredelemnul the Dark
  1388 | D:2      | Reached skill level 5 in Necromancy
  1857 | D:3      | Reached XP level 3. HP: 7/24 MP: 6/6
  2407 | D:3      | Reached XP level 4. HP: 30/30 MP: 8/8
  2412 | D:3      | Learned a level 3 spell: Vampiric Draining
  2417 | D:3      | Learned a level 4 spell: Control Undead
  2428 | D:3      | Found a blossoming altar of Fedhas.
  2617 | D:4      | Found a snail-covered altar of Cheibriados.
  2657 | D:4      | Reached XP level 5. HP: 24/35 MP: 2/9
  2695 | D:4      | Reached skill level 6 in Necromancy
  3098 | D:4      | Found a burning altar of Makhleb.
  3102 | D:4      | Acquired Yredelemnul's first power
  3102 | D:4      | Reached skill level 5 in Stealth
  3239 | D:4      | Reached XP level 6. HP: 36/41 MP: 11/11
  3445 | D:4      | Found a staircase to the Ecumenical Temple.
  3451 | Temple   | Entered the Ecumenical Temple
  3589 | D:4      | Reached skill level 7 in Necromancy
  3695 | D:5      | Entered Level 5 of the Dungeon
  3695 | D:5      | Found a shimmering altar of Xom.
  3719 | D:5      | Noticed Blork the orc
  3722 | D:5      | Found a stormy altar of Qazlal.
  3819 | D:5      | Noticed Eustachio
  3881 | D:5      | Noticed Prince Ribbit
  3904 | D:5      | Reached XP level 7. HP: 37/46 MP: 7/12
  4044 | D:5      | Killed Prince Ribbit
  4408 | D:5      | Reached skill level 1 in Short Blades
  4521 | D:5      | Killed Blork the orc
  4688 | D:5      | Reached XP level 8. HP: 30/52 MP: 14/14
  4879 | D:6      | Found a sand-covered staircase.
  4898 | Ossuary  | Entered an ossuary
  5239 | Ossuary  | Reached skill level 1 in Fighting
  5455 | D:6      | Found a sacrificial altar of Ru.
  5742 | D:6      | Found Xaam Holokk's Antique Weapon Shop.
  6016 | D:7      | Noticed Pikel
  6032 | D:7      | Killed Pikel
  6032 | D:7      | Reached skill level 5 in Short Blades
  6032 | D:7      | Reached skill level 8 in Necromancy
  6250 | D:7      | Noticed Duvessa
  6250 | D:7      | Noticed Dowan
  6258 | D:7      | Killed Duvessa
  6258 | D:7      | Reached XP level 9. HP: 57/64 MP: 15/15
  6277 | D:7      | Killed Dowan
  6792 | D:7      | Found Wipriami's Weapon Emporium.
  6913 | D:7      | Found a white marble altar of Elyvilon.
  8385 | D:8      | Reached skill level 5 in Spellcasting
  8729 | D:8      | Reached skill level 5 in Dodging
  8729 | D:8      | Reached skill level 9 in Stealth
  8831 | D:8      | Acquired Yredelemnul's second power
  9196 | D:9      | Noticed Joseph
  9225 | D:9      | Killed Joseph
  9499 | D:9      | Reached XP level 10. HP: 56/70 MP: 12/18
  9794 | D:10     | Entered Level 10 of the Dungeon
  9838 | D:10     | Learned a level 6 spell: Iron Shot
  9877 | D:10     | You fall through a shaft for 3 floors!
  9927 | D:13     | Reached skill level 1 in Earth Magic
  9981 | D:13     | HP: 2/70 [centaur/arrow of flame (12)]
 10174 | D:13     | Noticed a brown ugly thing
 10222 | D:13     | Reached skill level 1 in Conjurations
 10351 | D:13     | Found a shattered altar of Ashenzari.
 10353 | D:13     | Noticed a cyclops
 10770 | D:12     | Noticed a hill giant
 10779 | D:11     | Found Tecrer's General Store.
 10790 | D:11     | Found a staircase to the Lair.
 11472 | D:10     | Found a staircase to the Orcish Mines.
 11563 | D:10     | Found Ubasam's Weapon Shoppe.
 11646 | D:10     | Reached skill level 10 in Stealth
 12436 | D:10     | Bought a +1 vampiric rapier for 247 gold pieces
 12632 | D:10     | Reached skill level 5 in Fighting
 12700 | D:10     | Reached XP level 11. HP: 59/80 MP: 20/20
 12916 | D:10     | Acquired Yredelemnul's third power
 13129 | D:11     | Found a shadowy altar of Dithmenos.
 13142 | D:11     | Noticed a cyan ugly thing
 13151 | D:11     | Killed a cyan ugly thing
 13358 | D:11     | Noticed a seven-headed hydra
 14138 | D:11     | Mangled by a seven-headed hydra

Vault maps used:
D:1:      dpeg_arrival_ternary, minmay_misc_feat_doors, minmay_liquid_box,
          minmay_stone_trees_small, minmay_crystal_room
D:2:      grunt_temple_overflow_holy_war, fountainhead
D:3:      fedhas_altar_1, hex_medium
D:4:      kennysheep_mini, makhleb_blood_cavern_becter,
          minmay_temple_entry_hall, first_bread
D:5:      xom_butterflies, overflow_temple_1_default,
          lemuel_coloured_pillars_altar, uniq_eustachio, uniq_prince_ribbit1,
          uniq_blork_the_orc
D:6:      nicolae_overflow_crystal_walls, serial_shops, shop, enter_ossuary_3,
          lemuel_flamethrower_1
D:7:      kennysheep_mini_moat, serial_shops,
          nicolae_shop_temple_entry_statues_fountains, serial_bayou_pond_d,
          uniq_pikel, uniq_duvessa
D:8:      grunt_pizzeria
D:9:      grunt_temple_overflow_open, uniq_joseph
D:10:     orc_david_3
D:11:     dpeg_oklobed_lair, basic_altar, serial_shops, shop,
          grunt_dithmenos_smoke
D:13:     nicolae_ashenzari_panopticon
Temple:   nicolae_temple_great_sept
Ossuary:  ossuary_crypta

Action                   |  1- 3 |  4- 6 |  7- 9 | 10-12 || total
-------------------------+-------+-------+-------+-------++-------
Melee: Short sword       |       |       |   325 |   176 ||   501
       Rapier            |       |       |       |   111 ||   111
 Cast: Pain              |    51 |    78 |   106 |    62 ||   297
       Vampiric Draining |       |     4 |    54 |    97 ||   155
       Control Undead    |       |     2 |    13 |     5 ||    20
Evoke: Wand              |       |       |     2 |     4 ||     6
  Use: Potion            |     4 |     1 |     6 |     7 ||    18
       Scroll            |     2 |     2 |    10 |     5 ||    19
 Stab: Sleeping          |       |       |    14 |     8 ||    22
       Invisible         |       |       |     2 |       ||     2
       Paralysed         |       |       |       |     4 ||     4
       Distracted        |       |       |       |     3 ||     3
  Eat: Corpse            |     7 |     3 |    23 |    13 ||    46
